Map: [G8] Babylon

Players

Oliveira

  • Race: Terran Terran
  • Spawn Location: 5:00

Reynor - Winner!

  • Race: Zerg Zerg
  • Spawn Location: 11:00

Event: Gamers8 2023

VOD

Have the link to the VOD?

Description

Time

  • Played on: Aug. 3, 2023, 11:59 a.m.
  • Length: 17:08

All games in this series

Show
View Real Time Build Order
Export as new Build Order

Oliveira Terran 

Build Orders: Reaper Expand, Hellion Banshee 

Get SALT Encoding   

  12  0:00  SCV  
  13  0:12  SCV  
  14  0:17  Supply Depot  
  14  0:24  SCV  
  15  0:38  SCV  
  15  0:40  Barracks  
  16  0:44  Refinery  
  16  0:50  SCV  
  17  1:03  SCV  
  18  1:15  SCV  
  19  1:28  Orbital Command, Reaper  
  20  1:40  Command Center  
  20  1:49  Supply Depot  
  20  1:53  SCV  
  21  2:00  Marine  
  22  2:05  SCV  
  23  2:12  Factory  
  23  2:18  SCV  
  23  2:22  Barracks Reactor  
  24  2:30  SCV  
  25  2:43  Command Center  
  25  2:51  SCV  
  26  2:52  Orbital Command  
  26  3:01  Starport  
  26  3:03  Refinery  
  26  3:05  SCV  
  27  3:14  Hellion x2  
  27  3:17  Barracks Tech Lab  
  27  3:19  SCV  
  32  3:21  SCV  
  33  3:31  SCV  
  33  3:33  SCV  
  35  3:36  Hellion x2  
  39  3:43  SCV  
  39  3:45  SCV  
  39  3:46  Marine, Banshee  
  45  3:55  Orbital Command  
  45  3:59  Cloaking Field  
  45  4:01  SCV  
  45  4:02  SCV  
  47  4:03  Hellion  
  47  4:05  Hellion  
  51  4:10  Supply Depot  
  51  4:14  SCV x2  
  53  4:18  Barracks Tech Lab  
  53  4:23  SCV  
  54  4:25  Hellion  
  54  4:26  SCV  
  54  4:27  Hellion, SCV  
  60  4:32  Banshee  
  60  4:33  Supply Depot  
  60  4:35  SCV  
  64  4:39  SCV  
  64  4:40  SCV  
  64  4:43  Marine, Stimpack  
  67  4:47  Orbital Command  
  67  4:52  Barracks, SCV  
  68  4:53  SCV  
  68  4:54  Factory Reactor  
  68  4:56  Barracks  
  69  5:00  Supply Depot  
  69  5:03  Engineering Bay x2  
  69  5:06  SCV  
  70  5:07  Refinery, SCV  
  70  5:08  Refinery  
  70  5:10  Marine  
  70  5:12  SCV  
  73  5:18  SCV  
  73  5:19  SCV  
  75  5:25  Barracks, SCV  
  75  5:26  Starport Reactor  
  76  5:30  Barracks, SCV  
  76  5:33  Terran Infantry Armor Level 1, Terran Infantry Weapons Level 1  
  76  5:34  Supply Depot  
  77  5:36  Marine  
  77  5:37  SCV  
  77  5:38  SCV  
  80  5:44  SCV  
  81  5:52  Marine  
  81  5:54  SCV  
  81  5:55  Marine, SCV  
  81  5:57  Siege Tank, SCV  
  81  5:59  Marine  
  81  6:00  Marine, Supply Depot  
  86  6:04  Supply Depot  
  86  6:05  Medivac x2  
  86  6:06  SCV  
  86  6:07  Marine  
  86  6:08  SCV  
  93  6:15  Barracks Reactor  
  93  6:20  Command Center  
  93  6:21  Marine x2, SCV x3  
  93  6:22  Barracks Reactor, Supply Depot  
  93  6:23  Marine  
  93  6:24  Combat Shield  
  99  6:27  Marine  
  99  6:28  Supply Depot  
  99  6:32  Marine  
  101  6:33  Siege Tank  
  101  6:34  SCV  
  101  6:35  SCV  
  101  6:36  SCV  
  101  6:37  Refinery  
  101  6:39  Marine  
  108  6:42  Marine  
  108  6:43  Marine  
  110  6:48  Marine  
  110  6:51  Supply Depot  
  110  6:52  SCV  
  110  6:53  Marine x3  
  115  6:55  SCV, Armory  
  115  6:56  Marine  
  115  7:00  Marine  
  118  7:06  Barracks  
  118  7:07  Barracks x2, Marine x2  
  120  7:10  Siege Tank  
  120  7:12  SCV  
  120  7:14  Marine  
  125  7:19  Marine  
  125  7:20  Marine x3  
  125  7:21  SCV x2  
  128  7:23  Supply Depot  
  128  7:26  Medivac x2  
  128  7:27  Marine  
  133  7:32  SCV  
  133  7:33  Marine, Supply Depot  
  133  7:36  SCV x2  
  137  7:38  Marine x2  
  137  7:39  Marine  
  137  7:43  Marine x3  
  143  7:44  SCV  
  143  7:49  Terran Infantry Weapons Level 2, SCV  
  143  7:51  Terran Infantry Armor Level 2  
  145  7:53  Marine x2  
  145  7:56  Barracks Tech Lab  
  147  7:58  Planetary Fortress  
  147  8:00  Barracks Tech Lab  
  147  8:02  SCV  
  122  8:12  Marine  
  122  8:13  Marine x6  
  122  8:14  Marine, Barracks Tech Lab  
  122  8:16  SCV x3  
  122  8:18  Marine  
  134  8:20  Marine  
  134  8:21  Marine  
  134  8:22  Siege Tank  
  134  8:26  Supply Depot  
  139  8:27  Concussive Shells  
  139  8:28  SCV  
  139  8:30  Marine x3  
  139  8:31  Marine  
  141  8:35  Marine x2  
  141  8:36  Marauder x2  
  141  8:37  Marine x2  
  141  8:39  Marauder, SCV  
  149  8:43  Marine  
  149  8:48  Marine x4  
  149  8:53  Marine x2  
  149  8:55  Siege Tank  
  158  8:57  Marauder, Marine x2  
  158  8:58  Marauder  
  158  9:00  Marauder  
  158  9:01  Marauder  
  168  9:03  Liberator x2  
  168  9:06  Marine  
  175  9:15  Marine x3  
  175  9:16  Marine x2  
  170  9:18  Marauder  
  170  9:19  Marauder  
  170  9:20  Marine, Supply Depot  
  170  9:21  Marine, Supply Depot  
  170  9:22  Marauder  
  170  9:23  Sensor Tower, Supply Depot  
  170  9:24  Marauder  
  180  9:33  Siege Tank, Marine x3  
  186  9:38  Command Center  
  186  9:40  Sensor Tower  
  186  9:44  Marauder, Marine x2  
  185  9:54  Marine x3, Supply Depot  
  185  9:55  Marauder x2, Medivac x2  
  196  10:05  Marine  
  196  10:06  Marauder, Marine  
  197  10:14  Marine  
  197  10:15  Marauder  
  197  10:19  Marine  
  199  10:21  Marine  
  199  10:23  Command Center  
  198  10:31  Marauder, Marine x2  
  198  10:34  Marine x3  
  198  10:35  Marauder x2, Marine  
  199  10:40  Refinery  
  199  10:41  Ghost Academy, Factory, Refinery  
  200  10:48  Marine  
  200  10:49  Marauder, Marine  
  198  10:50  Terran Infantry Armor Level 3, Terran Infantry Weapons Level 3  
  198  10:51  Marine, Orbital Command  
  198  10:52  Marine  
  197  11:05  Marine  
  197  11:06  Marauder, Marine  
  197  11:07  Marine x2  
  192  11:14  Marine, SCV x2  
  192  11:15  Marauder x2, Marine x2  
  192  11:16  Siege Tank, Medivac x2  
  192  11:17  Marauder, Marine  
  185  11:18  SCV x2  
  185  11:23  Marine  
  185  11:24  Marine  
  188  11:26  SCV  
  188  11:29  Factory Reactor, Drilling Claws  
  188  11:31  Marauder, Marine  
  192  11:41  Marine  
  192  11:42  Marauder, Marine  
  192  11:45  Marine x2  
  192  11:46  Marauder  
  185  11:50  Marine  
  185  11:52  Marine x2  
  185  11:53  Marauder  
  135  12:03  Marine x3  
  135  12:04  Marauder x2, Medivac x2  
  135  12:05  Marine  
  135  12:06  SCV  
  117  12:09  Marauder, Marine  
  117  12:17  Marine x2  
  117  12:18  Marauder, Marine  
  117  12:22  SCV  
  116  12:25  Marauder  
  116  12:26  Orbital Command  
  116  12:27  Planetary Fortress  
  117  12:35  Marauder, Marine x3  
  122  12:39  Marine x2  
  122  12:40  SCV  
  122  12:43  SCV  
  126  12:45  Widow Mine  
  126  12:48  Marine  
  126  12:49  Marine  
  131  12:51  SCV  
  131  12:54  Marine  
  131  12:55  SCV  
  131  12:56  SCV  
  131  13:00  Widow Mine  
  133  13:07  Ghost  
  133  13:09  Marine  
  133  13:11  Widow Mine  
  133  13:12  Marine, SCV  
  130  13:13  Marine  
  130  13:16  SCV  
  130  13:17  SCV x2  
  135  13:23  Siege Tank  
  135  13:24  SCV  
  139  13:28  Ghost x2  
  139  13:29  Marine  
  139  13:33  Marine  
  144  13:35  Widow Mine x2, SCV  
  144  13:36  SCV  
  144  13:38  SCV  
  144  13:39  SCV  
  152  13:42  SCV  
  152  13:47  Ghost, SCV  
  156  13:49  Ghost  
  156  13:50  Marine  
  156  13:55  Marine  
  160  13:56  SCV  
  160  13:58  Widow Mine x2  
  160  14:00  Siege Tank  
  160  14:02  SCV  
  169  14:04  Marine, Refinery  
  169  14:05  Supply Depot  
  169  14:07  Marine  
  120  14:24  Ghost x2  
  120  14:25  Ghost  
  120  14:26  Marine x3  
  120  14:27  Marine  
  120  14:28  Marine  
  120  14:29  SCV x2  
  120  14:30  Marine  
  134  14:32  Marine  
  134  14:34  Ghost  
  130  14:46  Marine x4  
  130  14:47  Siege Tank  
  130  14:50  Marine x2, Widow Mine  
  130  14:51  SCV x2  
  143  14:52  Ghost  
  143  14:53  SCV  
  143  14:54  SCV  
  143  14:59  Orbital Command  
  147  15:00  Marine  
  147  15:03  Widow Mine  
  147  15:06  Marauder, Marine  
  153  15:07  SCV  
  153  15:09  SCV  
  153  15:11  Marine  
  156  15:16  Personal Cloaking  
  156  15:17  Marine  
  156  15:20  Marine  
  158  15:21  Siege Tank  
  158  15:22  Widow Mine  
  158  15:23  SCV  
  158  15:25  Marine  
  158  15:26  Marine  
  166  15:32  Marine  
  164  15:40  Marine x2  
  164  15:41  Marauder  
  146  15:45  Marine  
  146  15:48  Orbital Command  
  146  15:49  SCV  
  148  15:52  Marine x3  
  148  15:53  Siege Tank  
  148  15:54  Widow Mine x2  
  148  15:57  Marine  
  158  15:58  Marine  
  158  15:59  Marine  
  161  16:10  Marine x2, SCV  
  161  16:11  Marauder, Marine  
  159  16:17  Marine x2  
  154  16:19  SCV  
  135  16:26  Marine x2  
  135  16:30  Marine  
  124  16:33  Widow Mine  
  124  16:37  Medivac  
  124  16:39  SCV  
  128  16:40  SCV  
  128  16:42  Marine  
  128  16:43  Marine  
  133  16:47  Marine  
  133  16:52  SCV  
  133  16:53  SCV  
Show
View Real Time Build Order
Export as new Build Order

Reynor Zerg - Winner!

Build Orders: Hatch First 

Get SALT Encoding   

  12  0:00  Drone  
  13  0:11  Overlord  
  13  0:16  Drone  
  14  0:30  Drone x2  
  16  0:47  Hatchery  
  15  0:51  Drone  
  15  0:55  Drone  
  17  0:59  Drone  
  18  1:09  Extractor  
  17  1:14  Spawning Pool  
  17  1:17  Drone  
  17  1:20  Drone  
  18  1:28  Drone  
  19  1:38  Drone  
  20  1:48  Overlord  
  20  2:00  Queen x2  
  20  2:01  Zergling x4  
  26  2:10  Drone x2  
  28  2:21  Drone x2  
  30  2:30  Hatchery  
  30  2:31  Drone  
  30  2:35  Drone  
  31  2:39  Metabolic Boost  
  31  2:43  Drone  
  31  2:44  Drone  
  32  2:52  Overlord  
  32  2:53  Overlord  
  32  2:58  Queen  
  32  3:03  Drone  
  35  3:10  Queen  
  35  3:11  Drone x2  
  39  3:14  Drone x2  
  39  3:17  Drone  
  42  3:25  Drone x2  
  44  3:29  Drone  
  44  3:34  Queen  
  45  3:35  Overlord  
  45  3:39  Drone  
  48  3:42  Drone  
  48  3:44  Queen  
  48  3:47  Queen, Drone  
  54  3:50  Drone  
  54  3:52  Drone  
  56  3:57  Overlord  
  56  4:01  Drone  
  57  4:03  Drone  
  57  4:04  Drone  
  57  4:08  Drone x3  
  57  4:09  Queen  
  62  4:13  Overlord  
  62  4:14  Zergling x2  
  65  4:20  Overlord  
  65  4:22  Overlord  
  65  4:25  Lair  
  65  4:28  Baneling Nest, Drone  
  65  4:30  Overlord  
  65  4:31  Extractor  
  65  4:32  Drone x3  
  65  4:35  Zergling x4  
  65  4:38  Zergling x2  
  70  4:43  Zergling x2  
  70  4:44  Drone  
  70  4:45  Drone  
  73  4:46  Queen  
  73  4:49  Drone x2  
  73  4:50  Spore Crawler, Drone  
  73  4:52  Spore Crawler  
  76  4:54  Drone x2  
  76  4:59  Drone x2  
  80  5:02  Drone x2  
  80  5:04  Drone x3  
  80  5:05  Spore Crawler  
  84  5:16  Zergling x4  
  84  5:17  Zergling x2  
  84  5:18  Drone  
  84  5:19  Drone  
  89  5:23  Evolution Chamber  
  89  5:25  Hatchery, Overseer, Evolution Chamber  
  89  5:26  Drone x2  
  89  5:27  Overseer  
  88  5:29  Drone x2  
  88  5:31  Drone  
  88  5:33  Overlord  
  91  5:36  Drone x3  
  91  5:37  Drone  
  91  5:42  Extractor  
  94  5:44  Extractor, Zergling x2  
  94  5:47  Zergling x4  
  94  5:52  Zergling x4  
  94  5:53  Zergling x2  
  94  5:54  Drone  
  94  5:55  Drone  
  94  5:56  Zerg Ground Armor Level 1, Zerg Melee Weapons Level 1  
  97  5:58  Drone  
  97  5:59  Drone x2  
  97  6:01  Extractor  
  97  6:03  Overlord  
  97  6:04  Drone x3  
  101  6:05  Drone  
  101  6:09  Drone  
  104  6:15  Drone  
  104  6:16  Overlord  
  104  6:18  Centrifugal Hooks  
  105  6:21  Overlord  
  105  6:23  Drone  
  105  6:24  Hatchery  
  105  6:25  Drone  
  106  6:27  Spore Crawler  
  106  6:28  Zergling x6  
  106  6:32  Drone  
  109  6:37  Zergling x6  
  109  6:39  Infestation Pit  
  111  6:40  Baneling x6  
  111  6:41  Drone x3  
  111  6:45  Zergling x4  
  111  6:46  Drone  
  117  6:48  Queen, Drone  
  117  6:49  Spore Crawler  
  117  6:50  Zergling x4  
  117  6:53  Zergling x4  
  123  6:56  Baneling x8  
  123  6:58  Zergling x10  
  123  7:00  Zergling x2  
  129  7:04  Overlord  
  129  7:07  Zergling x2  
  129  7:08  Baneling x6  
  130  7:12  Overlord  
  130  7:14  Drone x4  
  133  7:18  Zergling x2  
  133  7:20  Zergling x4  
  133  7:21  Zergling x2, Overlord  
  136  7:26  Zergling x10  
  136  7:28  Baneling x8  
  139  7:32  Baneling x4, Hive  
  139  7:34  Queen, Zergling x4  
  139  7:35  Zergling x2, Overlord  
  144  7:40  Zergling x2  
  144  7:43  Zergling x6  
  148  7:46  Zergling x2  
  148  7:49  Zergling x8  
  148  7:50  Zerg Ground Armor Level 2  
  153  7:52  Zergling x2  
  153  7:53  Zergling x2  
  153  7:56  Overlord  
  155  8:01  Zergling x16  
  161  8:11  Zergling x14  
  148  8:13  Zergling x2  
  148  8:18  Baneling x16  
  149  8:21  Extractor, Zergling x10  
  149  8:26  Zergling x10  
  149  8:27  Zergling x2  
  159  8:29  Baneling x6  
  159  8:32  Zergling x6  
  156  8:35  Zergling x12  
  156  8:38  Drone  
  156  8:39  Extractor  
  156  8:40  Drone x2  
  156  8:41  Zerg Melee Weapons Level 2  
  161  8:44  Drone  
  161  8:45  Drone x2  
  163  8:52  Drone x3  
  163  8:53  Drone  
  163  8:54  Zergling x10  
  163  8:55  Extractor  
  170  8:56  Viper  
  170  8:58  Zergling x8  
  176  9:02  Zergling x4  
  176  9:03  Zergling x4  
  176  9:07  Zergling x4  
  176  9:08  Baneling x8  
  179  9:10  Hatchery  
  179  9:11  Zergling x4  
  179  9:12  Zergling x2  
  179  9:15  Zergling x10  
  180  9:19  Overlord x2  
  180  9:21  Viper, Spore Crawler  
  183  9:24  Baneling x3  
  183  9:25  Overlord  
  183  9:30  Spore Crawler  
  182  9:34  Overlord  
  182  9:36  Adrenal Glands  
  182  9:37  Drone  
  182  9:38  Drone x9  
  192  9:39  Zergling x2  
  192  9:43  Zergling x4  
  192  9:44  Baneling x8  
  194  9:46  Zergling x2  
  194  9:49  Zergling x10  
  194  9:52  Zergling x6  
  198  9:56  Zergling x4  
  199  10:05  Hydralisk Den  
  199  10:06  Baneling x7  
  199  10:07  Baneling x5  
  198  10:14  Zergling x4  
  198  10:23  Spore Crawler  
  198  10:25  Baneling x16  
  191  10:28  Zergling x20  
  191  10:30  Zergling x4  
  191  10:34  Hydralisk Den  
  191  10:35  Zergling x10  
  198  10:45  Zergling x18  
  199  10:55  Baneling x3  
  199  10:56  Zergling x4  
  198  11:06  Zergling x14  
  198  11:09  Zergling x18  
  194  11:18  Baneling x16  
  171  11:21  Hydralisk x7  
  171  11:23  Queen  
  171  11:25  Zergling x8  
  191  11:27  Zerg Ground Armor Level 3  
  191  11:28  Hydralisk x3  
  191  11:31  Zergling x4  
  199  11:42  Hydralisk  
  198  11:52  Zergling x22  
  198  11:53  Zergling x10  
  190  12:00  Zergling x2, Hydralisk  
  190  12:01  Zergling x18  
  184  12:05  Hydralisk  
  184  12:07  Hydralisk  
  165  12:09  Zergling x6  
  159  12:16  Hydralisk x5  
  159  12:17  Zergling x6  
  159  12:20  Hydralisk x2  
  159  12:21  Zergling x4  
  169  12:23  Muscular Augments  
  169  12:25  Baneling  
  169  12:26  Baneling x16  
  169  12:28  Zergling x6  
  172  12:30  Zergling x8  
  172  12:31  Zergling x4  
  172  12:33  Viper  
  181  12:38  Hatchery  
  181  12:43  Drone x2  
  181  12:44  Zergling x6, Drone x3  
  184  12:45  Zergling x2  
  184  12:47  Zerg Melee Weapons Level 3  
  184  12:50  Zergling x6  
  191  12:55  Zergling x16  
  195  13:00  Zergling x8  
  198  13:06  Zergling x2, Hydralisk  
  198  13:08  Zergling x8  
  197  13:12  Baneling  
  197  13:13  Baneling x10, Zergling x4  
  199  13:26  Baneling x15  
  199  13:27  Baneling x2  
  199  13:33  Zergling x8  
  199  13:40  Extractor, Hatchery  
  197  13:42  Zergling x4  
  200  13:55  Zergling x2  
  200  14:00  Grooved Spines  
  200  14:04  Zerg Missile Weapons Level 1  
  200  14:05  Overlord  
  200  14:16  Zergling x40  
  199  14:18  Zergling x18, Hydralisk  
  199  14:19  Hydralisk  
  199  14:20  Zergling x6  
  199  14:22  Hydralisk  
  199  14:23  Zergling x4  
  186  14:25  Zergling x2, Hydralisk  
  186  14:28  Zergling x10  
  186  14:30  Zergling x8  
  187  14:35  Zergling x6  
  187  14:37  Hydralisk  
  188  14:40  Zergling x4  
  188  14:41  Zergling x2, Hydralisk  
  188  14:43  Hydralisk  
  191  14:46  Zergling x6  
  191  14:52  Hydralisk  
  194  14:53  Hatchery, Zergling x2  
  194  14:55  Overseer x2  
  194  14:59  Baneling x28  
  196  15:00  Baneling x3  
  196  15:02  Drone x4  
  196  15:06  Baneling x10  
  200  15:12  Overlord  
  201  15:16  Hatchery  
  198  15:23  Zergling x2  
  199  15:30  Zergling x4  
  195  15:39  Hydralisk  
  195  15:40  Zergling x40  
  200  15:48  Baneling x11  
  200  15:49  Baneling x10  
  199  16:08  Zergling x6  
  199  16:11  Zergling x2  
  200  16:13  Zergling x2  
  170  16:25  Zergling x12  
  170  16:26  Zergling x50  
  170  16:28  Zergling x4  
  170  16:30  Zergling x6  
  197  16:34  Zergling x2  
  197  16:37  Zergling x4  
  199  16:41  Baneling x14  
  199  16:48  Overlord  
  199  16:50  Baneling x11  
  199  16:55  Hatchery  
Tags
 
Add a new tag
Caveats
  • Supply blocks, unpowered buildings, or Contaminate may cause inaccurate times.
  • Supply counts are checked every 10 seconds.